Kradschützen Motorcycle Team
Kradschützen Motorcycle Team
Construct Light Support Kompanie
Construct Mechanized Kompanie
Selects Armored Support Battlegroup
Selects Superior Fire Drills
Marder III Tank Destroyer
Marder III Tank Destroyer
Selects Stuka Anti-tank Loiter
Marder III Tank Destroyer
Marder III Tank Destroyer
le.IG 18 Mechanized Group
Marder III Tank Destroyer
Marder III Tank Destroyer
Marder III Tank Destroyer
Selects Flammpanzer III Medium Tank
Selects Battlefield Salvage